 Dungeon Crawl Stone Soup version 0.30-a0-916-g9813417 (webtiles) character file.

Game seed: 5546215437197332465

70653 Geeful the Grappler (level 15, -7/136 HPs)
             Began as a Ghoul Gladiator on Mar 20, 2023.
             Was the Champion of Makhleb.
             Mangled by an angel
             ... wielding a +3 whip of holy wrath
              (9 damage)
             ... on level 4 of the Abyss on Apr 9, 2023.
             The game lasted 01:52:06 (18531 turns).

Geeful the Grappler (Ghoul Gladiator)              Turns: 18531, Time: 01:52:07

Health: -7/136     AC: 40    Str: 28    XL:     15   Next: 34%
Magic:  0/23       EV: 16    Int:  3    God:    Makhleb [******]
Gold:   1792       SH:  0    Dex: 17    Spells: 14/14 levels left

rFire   . . .      SeeInvis .      - Unarmed
rCold   + + +      Faith    .    (no shield)
rNeg    + + +      Spirit   +    O - +0 crystal plate armour
rPois   ∞          Reflect  .    l - +2 hat
rElec   +          Rampage  ∞    Y - +2 cloak "Fazxoupa" {rElec rC+++ Stlth+}
rCorr   .                        R - +4 pair of gloves "Likokh" {*Slow Str+6 Dex+3 Slay+3}
Will    +....                    K - +3 pair of seven-league boots {Rampage+∞} Stlth
                                 C - amulet of guardian spirit
HPRegen 0.00/turn                F - +4 ring of protection
MPRegen 0.18/turn                U - +4 ring of slaying

@: agile, inhibited regen, hasted, glowing, very quick
A: claws 1, cold resistance 1, negative energy resistance 3, inhibited
regeneration, torment resistance 2, devour on kill
a: Renounce Religion, Minor Destruction, Lesser Servant of Makhleb, Major
Destruction, Greater Servant of Makhleb


You were on level 4 of the Abyss.
You worshipped Makhleb.
Makhleb was exalted by your worship.
You visited 4 branches of the dungeon, and saw 19 of its levels.
You visited the Abyss 1 time.
You also visited: Sewer, Gauntlet and Volcano.

You collected 1792 gold pieces.

Inventory:

Hand Weapons
 v - a +5 scimitar of flaming
Missiles
 c - 6 throwing nets
 d - 15 javelins
 q - 6 silver javelins
Armour
 l - a +2 hat (worn)
 E - the +6 scale mail of the Pleiades {rElec rCorr Dex-2 Stlth+}
   (You found it on level 6 of the Dungeon)

   Dex:       It affects your dexterity (-2).
   rElec:     It insulates you from electricity.
   rCorr:     It protects you from acid and corrosion.
   Stlth:     It makes you more stealthy.
 K - the +3 pair of seven-league boots (worn) {Rampage+∞}
   (You acquired it on level 3 of the Lair of Beasts)

   Rampage+∞: When moving toward enemies, its wearer moves as far as possible.
 O - a +0 crystal plate armour (worn)
 R - the +4 pair of gloves "Likokh" (worn) {*Slow Str+6 Dex+3 Slay+3}
   (You found it in a Gauntlet)

   Str:       It affects your strength (+6).
   Dex:       It affects your dexterity (+3).
   Slay:      It affects your accuracy & damage with ranged weapons and melee
   (+3).
   *Slow:     It may slow you when you take damage.
 Y - the +2 cloak "Fazxoupa" (worn) {rElec rC+++ Stlth+}
   (You acquired it on level 3 of the Lair of Beasts)

   rC:        It renders you almost immune to cold.
   rElec:     It insulates you from electricity.
   Stlth:     It makes you more stealthy.
Jewellery
 k - a ring of protection from fire
 p - an amulet of magic regeneration
 r - a ring of see invisible
 x - a ring of protection from fire
 C - an amulet of guardian spirit (around neck)
 F - a +4 ring of protection (left hand)
 J - a ring of willpower
 P - a ring of resist corrosion
 Q - a ring of flight
 U - a +4 ring of slaying (right hand)
Wands
 e - a wand of flame (13) (quivered)
 s - a wand of iceblast (3)
 N - a wand of digging (2)
 T - a wand of charming (5)
 V - a wand of mindburst (14)
Scrolls
 i - 3 scrolls of silence
 m - a scroll of magic mapping
 y - 3 scrolls of enchant armour
 z - 2 scrolls of immolation
 B - 5 scrolls of fear
 D - a scroll of torment
Potions
 a - 6 potions of attraction
 f - 4 potions of flight
 g - a potion of heal wounds
 h - a potion of cancellation
 j - 2 potions of invisibility
 n - a potion of magic
 t - 2 potions of brilliance
 u - 17 potions of curing


   Skills:
 + Level 13.4 Fighting
 - Level 2.7 Throwing
 + Level 11.2 Armour
 + Level 11.6 Dodging
 + Level 13.7 Unarmed Combat
 + Level 13.0 Invocations


You had 14 spell levels left.
You didn't know any spells.
Your spell library contained the following spells:

 Spells                   Type           Power      Damage    Failure   Level
 Slow                     Hex            0%         N/A       100%        1
 Ensorcelled Hibernation  Hex/Ice        0%         N/A       100%        2
 Lesser Beckoning         Tloc           0%         N/A       100%        2
 Passwall                 Tmut/Erth      0%         N/A       100%        2
 Call Canine Familiar     Summ           0%         N/A       100%        3
 Confusing Touch          Hex            0%         N/A       100%        3
 Gell's Gravitas          Tloc           0%         N/A       100%        3
 Kindle Blastsparks       Fire/Tloc/Air  0%         2d10      100%        3
 Portal Projectile        Hex/Tloc       0%         N/A       100%        3
 Swiftness                Air            0%         N/A       100%        3
 Teleport Other           Tloc           0%         N/A       100%        3
 Vampiric Draining        Necr           0%         2d6       100%        3
 Animate Dead             Necr           0%         N/A       100%        4
 Fulminant Prism          Conj/Hex       0%         3d5       100%        4
 Iskenderun's Mystic Bla  Conj/Tloc      0%         2d3       100%        4
 Leda's Liquefaction      Hex/Erth       0%         N/A       100%        4
 Freezing Cloud           Conj/Ice/Air   0%         6-21      100%        5
 Irradiate                Conj/Tmut      0%         3d11      100%        5
 Lee's Rapid Deconstruct  Erth           0%         3d4*      100%        5
 Haunt                    Necr/Summ      0%         N/A       100%        7
 Infestation              Necr           0%         N/A       100%        8
 Blade Hands              Tmut           Unusable   N/A       N/A         5
 Dragon Form              Tmut           Unusable   N/A       N/A         7

Dungeon Overview and Level Annotations

Branches:
Dungeon (11/15)            Temple (1/1) D:4            Lair (5/5) D:9
 Shoals (0/4) Lair:3        Snake (0/4) Lair:2        Slime (0/5) Lair:5
    Orc (2/2) D:11            Elf (0/3) Orc:2         Sewer (visited)
Volcano (visited)         Gauntlet (visited)

Altars:
Cheibriados
Dithmenos
Fedhas
Gozag
Makhleb
Nemelex Xobeh
Okawaru
Sif Muna
Uskayaw
Jiyva

Shops:
Orc:1 [

Portals:
Trove: D:11 (give +3 storm dragon scales)


Innate Abilities, Weirdness & Mutations

You are immune to poison.
You have sharp fingernails.
Your flesh is cold resistant. (rC+)
You are immune to negative energy. (rN+++)
You do not regenerate when monsters are visible.
You are immune to unholy pain and torment.
You thrive by killing the living.


Message History

The angel hits you with a +3 whip of holy wrath.
* * * LOW HITPOINT WARNING * * *
You convulse.
* * * LOW HITPOINT WARNING * * *
The angel hits you but does no damage. The tentacled starspawn bites you!
* * * LOW HITPOINT WARNING * * *
The tentacled starspawn barely misses you.
The starspawn tentacle constricts you.
You feel much better.
The foxfire dissipates!
The demonic crawler closely misses you.
The demonic crawler hits you but does no damage.
The demonic crawler barely misses you. The angel closely misses you.
The angel hits you but does no damage.
The small abomination hits you but does no damage.
The tentacled starspawn bites you!
* * * LOW HITPOINT WARNING * * *
The tentacled starspawn tentacle-slaps you but does no damage.
You pummel the tentacled starspawn!!
The starspawn tentacle loses its grip on you.
The tentacled starspawn is moderately damaged.
You feel a little less mighty now.
The angel hits you with a +3 whip of holy wrath!
* * * LOW HITPOINT WARNING * * *
You convulse.
* * * LOW HITPOINT WARNING * * *
The angel hits you with a +3 whip of holy wrath.
* * * LOW HITPOINT WARNING * * *
You convulse!
* * * LOW HITPOINT WARNING * * *
The demonic crawler hits you but does no damage. x3
The starspawn tentacle grabs you. The starspawn tentacle constricts you.
The small abomination barely misses you.
You hit the tentacled starspawn.
The starspawn tentacle loses its grip on you.
The tentacled starspawn is moderately damaged.
The great orb of eyes gazes at you. You resist with significant effort.
The angel hits you with a +3 whip of holy wrath!
You die...

................... ..
............. .... ...
#......##. 3... .
#.##......##.... . #
.##.................##
.................... #
................... ....
#....Gsx...... ... ..
#...A@w§..............
......wXx..X§........#..
....##......##......###
.## #......##.......#
.............§.....
....._.............
...................
#.............. .. ...
.... .....


You could see an angel, a tentacled starspawn, a great orb of eyes, a demonic
crawler, a large abomination, 2 small abominations and 2 starspawn tentacles.

Vanquished Creatures
  Gastronok (D:8)
  An orc warlord (D:11)
  Nessos (Lair:5)
  Azrael (Orc:2)
  A minotaur (Gauntlet)
  An ettin (Orc:2)
  6 hydras
  2 catoblepae
  5 boulder beetles
  A two-headed ogre (D:10)
  10 death yaks
  Urug (Lair:4)
  2 thrashing horrors
  A wretched star (Abyss:3)
  A skyshark (Lair:5)
  A death drake (Gauntlet)
  4 wizards (Volcano)
  An orc knight (Orc:1)
  A manticore (D:11)
  2 elephants
  2 toenail golems (Volcano)
  A spectral centaur (Gauntlet)
  9 black mambas
  A salamander (Lair:2)
  Joseph (D:8)
  2 apocalypse crabs
  A torpor snail (Lair:2)
  2 molten gargoyles (Lair:3)
  A gargoyle (D:11)
  9 cane toads
  Maggie (D:7)
  8 komodo dragons
  A kobold demonologist (D:10)
  4 rime drakes
  Psyche (D:8)
  An efreet (D:10)
  An ancient zyme (Abyss:3)
  A hornet (D:10)
  13 polar bears
  12 blink frogs
  3 raiju (Lair:5)
  8 dream sheep
  4 wyverns
  46 yaks
  The ghost of Kave the Ruffian, an amateur TrTm (D:4)
  A ynoxinul (Abyss:3)
  3 fire elementals
  3 basilisks
  2 vampire mosquitoes (D:11)
  2 chaos spawn
  Menkaure (D:6)
  Edmund (D:6)
  10 wargs
  2 acid dragons
  11 water moccasins
  16 hell hounds
  2 small abominations (Abyss:3)
  2 ice beasts
  22 orc warriors
  A large abomination (Abyss:3)
  2 sky beasts
  14 black bears
  8 ogres
  24 wolves
  2 centaurs
  A phantom (D:7)
  A kobold brigand (D:7)
  12 bullfrogs
  A gnoll sergeant (D:9)
  3 scorpions
  A water moccasin zombie (D:4)
  3 wights (D:10)
  5 killer bees (D:9)
  6 howler monkeys
  An electric eel (Lair:4)
  2 jellies
  8 lava snakes
  A quasit (Abyss:3)
  2 hounds (D:5)
  14 orc priests
  A gnoll bouda (D:5)
  2 sleepcaps (D:6)
  4 iguanas
  19 orc wizards
  8 gnolls
  A howler monkey skeleton (D:4)
  10 adders
  3 river rats (Sewer)
  2 white imps
  An ufetubus (Abyss:3)
  2 worms
  5 dart slugs
  64 orcs
  11 ball pythons
  8 bats
  12 endoplasms
  5 giant cockroaches
  8 goblins
  10 hobgoblins
  3 jackals (D:1)
  3 quokkas
  7 frilled lizards
  9 kobolds
  13 rats
579 creatures vanquished.

Vanquished Creatures (collateral kills)
  A two-headed ogre (D:11)
  A boulder beetle (D:11)
  A spectral centaur (Gauntlet)
  An orc warrior (D:11)
4 creatures vanquished.

Vanquished Creatures (others)
  An orc priest (Orc:2)
  5 orcs (Orc:2)
  14 demonic plants (Gauntlet)
  17 foxfires
  13 fungi
  40 plants
90 creatures vanquished.

Grand Total: 673 creatures vanquished

Notes
Turn   | Place    | Note
-------+----------+-------------------------------------------
     0 | D:1      | Geeful the Ghoul Gladiator began the quest for the Orb.
     0 | D:1      | Reached XP level 1. HP: 17/17 MP: 0/0
   109 | D:1      | Reached XP level 2. HP: 25/25 MP: 1/1
   311 | D:1      | Reached XP level 3. HP: 25/30 MP: 2/2
   371 | D:1      | Reached skill level 1 in Armour
   725 | D:2      | Reached XP level 4. HP: 36/37 MP: 3/3
  1014 | D:2      | Found a faded altar of an unknown god.
  1266 | D:3      | Found a snail-covered altar of Cheibriados.
  1344 | D:3      | Found a glowing drain.
  1391 | Sewer    | Entered a sewer
  1569 | Sewer    | Reached XP level 5. HP: 43/45 MP: 4/4
  2041 | D:3      | Found a shadowy altar of Dithmenos.
  2787 | D:4      | Found a staircase to the Ecumenical Temple.
  2794 | Temple   | Entered the Ecumenical Temple
  2816 | Temple   | Became a worshipper of Makhleb the Destroyer
  2930 | D:4      | Reached XP level 6. HP: 47/51 MP: 5/5
  3277 | D:4      | Found a runed translucent gate.
  3278 | D:4      | Found a runed translucent gate.
  3278 | D:4      | Found a runed translucent gate.
  3286 | D:4      | Noticed Kave's ghost (amateur TrTm)
  3313 | D:4      | Reached skill level 1 in Invocations
  3318 | D:4      | Killed Kave's ghost
  3319 | D:4      | Reached XP level 7. HP: 28/59 MP: 5/7
  3489 | D:5      | Entered Level 5 of the Dungeon
  3562 | D:5      | Reached skill level 5 in Unarmed Combat
  4075 | D:5      | HP: 2/60 [orc warrior/+0 trident (13)]
  4254 | D:5      | Reached XP level 8. HP: 67/67 MP: 9/9
  4410 | D:5      | Reached * piety under Makhleb
  4792 | D:6      | Noticed Edmund
  4816 | D:6      | Killed Edmund
  4817 | D:6      | Reached skill level 5 in Fighting
  4932 | D:6      | Identified the +6 scale mail of the Pleiades {rElec rCorr
                  | Dex-2 Stlth+}
  5178 | D:6      | Noticed Menkaure
  5194 | D:6      | Reached skill level 5 in Dodging
  5201 | D:6      | Killed Menkaure
  5322 | D:6      | Reached XP level 9. HP: 69/75 MP: 11/11
  5466 | D:6      | Found the +5 robe of Misfortune {Harm *Corrode *Slow EV+5}
  5473 | D:6      | Reached ** piety under Makhleb
  5740 | D:7      | Reached skill level 5 in Invocations
  5819 | D:7      | Noticed Maggie
  5849 | D:7      | Killed Maggie
  5850 | D:7      | Reached skill level 5 in Armour
  6729 | D:8      | Noticed Psyche
  6737 | D:8      | Killed Psyche
  6770 | D:8      | Reached XP level 10. HP: 86/86 MP: 13/13
  6786 | D:8      | Noticed Joseph
  6836 | D:8      | Killed Joseph
  7115 | D:8      | Noticed Gastronok
  7196 | D:8      | Killed Gastronok
  7427 | D:8      | Found a shimmering blue altar of Sif Muna.
  7427 | D:8      | Found an iron altar of Okawaru.
  7437 | D:8      | Found a faded altar of an unknown god.
  7439 | D:8      | Found a faded altar of an unknown god.
  7777 | D:9      | Reached *** piety under Makhleb
  7845 | D:9      | Found a staircase to the Lair.
  7925 | D:9      | Reached XP level 11. HP: 95/95 MP: 15/15
  8133 | D:9      | Found a hide-covered altar of Uskayaw.
  8491 | D:10     | Entered Level 10 of the Dungeon
  8748 | D:10     | Reached **** piety under Makhleb
  8862 | D:10     | Noticed a two-headed ogre
  8869 | D:10     | Killed a two-headed ogre
  9027 | D:10     | Found the +4 robe of Augmentation {Str+4 Int+4 Dex+4}
  9277 | D:11     | Noticed a two-headed ogre
  9288 | D:11     | Killed a two-headed ogre
  9293 | D:11     | Noticed a manticore
  9306 | D:11     | Killed a manticore
  9314 | D:11     | Found a burning altar of Makhleb.
  9314 | D:11     | Noticed a blizzard demon
  9330 | D:11     | Found a portal to a secret trove of treasure.
  9341 | D:11     | Found a gate leading to a gauntlet.
  9353 | D:11     | Noticed a boulder beetle
  9356 | Gauntlet | Entered a Gauntlet
  9356 | Gauntlet | Found a transporter.
  9356 | Gauntlet | Found a transporter.
  9363 | Gauntlet | Found a transporter.
  9364 | Gauntlet | Noticed a soul eater
  9381 | Gauntlet | Found a transporter.
  9385 | Gauntlet | Noticed a necromancer
  9400 | Gauntlet | Found a transporter.
  9407 | Gauntlet | Found a transporter.
  9453 | Gauntlet | Found a transporter.
  9477 | Gauntlet | Found a transporter.
  9580 | Gauntlet | Found a large runed translucent door.
  9581 | Gauntlet | Found a large runed translucent door.
  9582 | Gauntlet | Found a large runed translucent door.
  9582 | Gauntlet | Found a large runed translucent door.
  9582 | Gauntlet | Found a runed translucent door.
  9583 | Gauntlet | Found a large runed translucent door.
  9584 | Gauntlet | Found a transporter.
  9584 | Gauntlet | Found a large runed translucent door.
  9585 | Gauntlet | Found a large runed translucent door.
  9585 | Gauntlet | Found a large runed translucent door.
  9586 | Gauntlet | Found a runed translucent gate.
  9590 | Gauntlet | Found a transporter.
  9591 | Gauntlet | Found a runed translucent door.
  9592 | Gauntlet | Found a large runed translucent door.
  9592 | Gauntlet | Found a large runed translucent door.
  9592 | Gauntlet | Found a large runed translucent door.
  9592 | Gauntlet | Found a large runed translucent door.
  9593 | Gauntlet | Found a large runed translucent door.
  9593 | Gauntlet | Found a large runed translucent door.
  9594 | Gauntlet | Found a large runed translucent door.
  9594 | Gauntlet | Found a large runed translucent door.
  9598 | Gauntlet | Noticed a death drake
  9598 | Gauntlet | Found a runed translucent gate.
  9598 | Gauntlet | Found a runed translucent gate.
  9599 | Gauntlet | Found a transporter.
  9626 | Gauntlet | Killed a death drake
  9644 | Gauntlet | Found a transporter.
  9644 | Gauntlet | Noticed a quicksilver ooze
  9668 | Gauntlet | Identified the +10 arbalest "Caynoh" {drain, Drain rPois
                  | rCorr Str+2}
  9668 | Gauntlet | Identified the +0 flail of Uskayaw's Hope {freeze, Dex+4}
  9668 | Gauntlet | Noticed a minotaur
  9685 | Gauntlet | Killed a minotaur
  9699 | Gauntlet | Identified the +4 pair of gloves "Likokh" {*Slow Str+6
                  | Dex+3 Slay+3}
  9704 | Gauntlet | Identified the +0 chain mail "Jirr" {+Blink rC+ Int-2}
  9708 | Gauntlet | Got the Annotations on Radiant Points
  9895 | D:11     | Reached skill level 10 in Unarmed Combat
  9918 | D:11     | Reached XP level 12. HP: 74/105 MP: 13/17
  9918 | D:11     | Killed a boulder beetle
 10132 | D:11     | Found a staircase to the Orcish Mines.
 10386 | Lair:1   | Entered Level 1 of the Lair of Beasts
 10579 | Lair:1   | Reached skill level 10 in Fighting
 10609 | Lair:1   | Noticed a catoblepas
 10624 | Lair:1   | Killed a catoblepas
 11330 | Lair:1   | Identified the +9 falchion of the Disturbing Heavens
                  | {drain, Int-3 Dex+3}
 11578 | Lair:2   | Identified the +2 leather armour of Wykhatus {Harm Regen+
                  | Dex-3 Stlth-}
 11816 | Lair:2   | Found a staircase to the Snake Pit.
 11992 | Lair:2   | Reached ***** piety under Makhleb
 11993 | Lair:2   | Reached skill level 10 in Invocations
 12039 | Lair:2   | Noticed a boulder beetle
 12058 | Lair:2   | Killed a boulder beetle
 12091 | Lair:2   | Reached XP level 13. HP: 115/115 MP: 19/19
 12979 | Lair:2   | Identified the amulet "Lubbuado" {-Tele Fly rElec rN+++
                  | Regen+}
 13373 | Lair:3   | Reached skill level 10 in Dodging
 13581 | Lair:3   | Identified 2 scrolls of acquirement
 13585 | Lair:3   | Acquired the +2 cloak "Fazxoupa" {rElec rC+++ Stlth+}
 13598 | Lair:3   | Acquired the +3 pair of seven-league boots {Rampage+∞}
 13598 | Lair:3   | Found the +3 pair of seven-league boots {Rampage+∞}
 13830 | Lair:3   | Found a staircase to the Shoals.
 14199 | Lair:4   | Noticed Urug
 14219 | Lair:4   | Killed Urug
 14220 | Lair:4   | Reached XP level 14. HP: 117/126 MP: 18/21
 14440 | Lair:4   | Reached skill level 10 in Armour
 14866 | Lair:5   | Entered Level 5 of the Lair of Beasts
 14866 | Lair:5   | Found a viscous altar of Jiyva.
 14866 | Lair:5   | Found a staircase to the Slime Pits.
 15038 | Lair:5   | Noticed Nessos
 15072 | Lair:5   | Killed Nessos
 16126 | Lair:5   | Reached ****** piety under Makhleb
 16840 | Orc:1    | Entered Level 1 of the Orcish Mines
 16884 | Orc:1    | Noticed an orc warlord
 17108 | D:11     | Killed an orc warlord
 17212 | Orc:1    | Reached XP level 15. HP: 127/135 MP: 21/23
 17329 | Orc:1    | Found Neeph's Armour Boutique.
 17727 | Orc:2    | Entered Level 2 of the Orcish Mines
 17771 | Orc:2    | Noticed Azrael
 18028 | Orc:2    | Killed Azrael
 18043 | Orc:2    | Found a dark tunnel.
 18050 | Volcano  | Entered a volcano
 18164 | Abyss:2  | Cast into level 2 of the Abyss (a wizard)
 18513 | Abyss:4  | Paralysed by a great orb of eyes for 4 turns
 18518 | Abyss:4  | Found a corrupted altar of Lugonu.
 18520 | Abyss:4  | Noticed a tentacled starspawn
 18524 | Abyss:4  | Noticed an angel
 18530 | Abyss:4  | HP: 2/136 [angel/+3 whip of holy wrath (7)]
 18531 | Abyss:4  | Mangled by an angel

Illustrated notes

Levels and vault maps discovered:
D:1:      giann_bridges, layout_basic
D:2:      layout_basic, ebering_ecumenical_altar_abandoned
D:3:      layout_loops_ring, grunt_dithmenos_smoke, cheibrodos_worm_habitat,
          portal_sewer_entry_c, minmay_misc_feat_four_crosses,
          serial_bayou_pond_e
D:4:      layout_basic, minmay_temple_entry_steel_oval,
          gammafunk_ghost_necromancy
D:5:      layout_loops_cross
D:6:      layout_rooms, minmay_fractal_squares_gapless_5, uniq_edmund,
          uniq_menkaure
D:7:      layout_basic, uniq_maggie
D:8:      layout_basic, chequers_temple_overflow_minitemple,
          serial_bayou_crossing, uniq_psyche, uniq_joseph, uniq_gastronok
D:9:      layout_basic, amcnicky_altar_gilded, dpeg_oklobed_lair,
          kennysheep_generic_room_2
D:10:     layout_big_octagon, lemuel_tele_altar, hangedman_decor_slide_cut
D:11:     layout_rooms, minmay_orc_entry_temple_small, gauntlet_entry_generic,
          enter_trove_3, makhleb_altar_promises_db
Temple:   bh_familiar_temple
Lair:1:   layout_cave_pods, grunt_megastairs_2
Lair:2:   nzn_winding_woodlands_large [nzn_winding_woodlands_hourglass,
          nzn_winding_woodlands_5x15_river_crossing,
          nzn_winding_woodlands_5x5_default,
          nzn_winding_woodlands_center_diamonds,
          nzn_winding_woodlands_15x15_thick_spiral,
          nzn_winding_woodlands_center_lodge, nzn_winding_woodlands_5x5_cross,
          nzn_winding_woodlands_5x15_twine,
          nzn_winding_woodlands_5x5_closed_star], layout_regular_city,
          nicolae_snake_entry_warm_welcome
Lair:3:   cheibrodos_magma_flow, layout_gridlike, shoals_dummy_entry,
          kennysheep_catoblepas_arena
Lair:4:   layout_loops_ring, grunt_megastairs_4, serial_bayou_shore_a,
          infiniplex_staircase_pool, uniq_urug
Lair:5:   hangedman_lair_caniforms_friends, layout_small_grid, slime_entry_1,
          minmay_shattered_shrine, uniq_nessos
Orc:1:    layout_caves, serial_shops, nicolae_square_shop
Orc:2:    kennysheep_orc_mage_school, layout_caves,
          nicolae_volcano_entry_hallway, uniq_azrael
Abyss:4:  base: D:9, spicy_abyss_rude_harpoons, evilmike_abyss_exit_12,
          spicy_abyss_rude_harpoons, evilmike_abyss_exit_8,
          evilmike_nicolae_abyss_rune_containment_curve
Volcano:  volcano_bunker

Skill      XL: |  1  2  3  4  5  6  7  8  9 10 11 12 13 14 15 |
---------------+----------------------------------------------+-----
Throwing       | 2 |  2.7
Armour         | 1 2 3 4 5 6 7 8 9 10 11 | 11.2
Dodging        | 3 4 5 6 7 8 9 10 11 | 11.6
Fighting       | 3 4 5 7 8 9 10 12 13 | 13.4
Unarmed Combat | 4 5 6 7 8 10 11 12 13 | 13.7
Invocations    | 1 2 4 5 7 8 10 11 12 13 | 13.0

Action                     |  1- 3 |  4- 6 |  7- 9 | 10-12 | 13-15 || total
---------------------------+-------+-------+-------+-------+-------++-------
  Melee: Unarmed           |   121 |   224 |   360 |   667 |  1036 ||  2408
         Punch             |       |     5 |    16 |    48 |   112 ||   181
         Scimitar          |       |       |       |       |    24 ||    24
  Throw: Javelin           |       |     1 |       |       |       ||     1
 Invoke: Lesser Servant of |       |       |       |     4 |     2 ||     6
  Evoke: Wand              |       |     1 |    10 |     9 |     6 ||    26
    Use: Scroll            |       |     8 |     6 |     5 |    14 ||    33
         Potion            |       |     1 |     2 |    10 |     3 ||    16
   Stab: Invisible         |       |       |     5 |     4 |       ||     9
         Paralysed         |       |       |       |       |     1 ||     1
 Armour: Leather armour    |    30 |       |     3 |       |       ||    33
         Ring mail         |    10 |    76 |    11 |       |       ||    97
         Chain mail        |       |       |    29 |       |       ||    29
         Scale mail        |       |       |   101 |   208 |       ||   309
         Crystal plate arm |       |       |       |   142 |  1046 ||  1188
  Dodge: Dodged            |    80 |   113 |   161 |   252 |   605 ||  1211

Table legend: (Time is in decaauts)
 A = Elapsed time spent in this place.
 B = Non-inter-level travel time spent in this place.
 C = Inter-level travel time spent in this place.
 D = Time resting spent in this place.
 E = Time spent auto-exploring this place.
 F = Levels seen in this place.
 G = Mean time per level.
                   A        B        C        D        E       F      G
               +--------+--------+--------+--------+--------+-----+--------+
         Total |  18206 |  17511 |    695 |   1284 |  10861 |  25 |  728.2 |
       Dungeon |   9611 |   9170 |    441 |    575 |   5946 |  11 |  873.7 |
        Temple |     35 |     22 |     13 |      0 |     17 |   1 |   35.0 |
          Lair |   6187 |   5960 |    227 |    201 |   4171 |   5 | 1237.4 |
  Orcish Mines |    864 |    852 |     12 |    198 |    365 |   2 |  432.0 |
         Abyss |    363 |    363 |      0 |    128 |      0 |   3 |  121.0 |
         Sewer |    523 |    523 |      0 |      0 |    361 |   1 |  523.0 |
       Volcano |    102 |    102 |      0 |     25 |      0 |   1 |  102.0 |
      Gauntlet |    519 |    519 |      0 |    156 |      0 |   1 |  519.0 |
               +--------+--------+--------+--------+--------+-----+--------+

Top non-repeatable levels by time:
  Lair:5: 1694 daAuts
  Lair:2: 1540 daAuts
     D:5: 1204 daAuts
     D:7: 1175 daAuts
  Lair:1: 1132 daAuts
  Lair:3: 1080 daAuts
     D:4: 1033 daAuts
    D:10: 1023 daAuts
     D:9: 962 daAuts
     D:6: 885 daAuts
     D:3: 858 daAuts
   Orc:1: 769 daAuts
     D:8: 752 daAuts
  Lair:4: 739 daAuts
    D:11: 661 daAuts
